[Event "24th European Women Club Cup 2019"]
[Site "Ulcinj"]
[Date "2019.11.10"]
[Round "1.4"]
[White "Osmak, Iulija"]
[Black "Styazhkina, Anna"]
[Result "1-0"]
[ECO "D10"]
[WhiteElo "2401"]
[BlackElo "2280"]
[Annotator "NA RC"]
[PlyCount "77"]
[EventDate "2019.11.10"]
[EventType "team-tourn"]
[EventCountry "MNE"]
[SourceTitle "playchess.com"]
[Source "ChessBase"]
[SourceQuality "1"]
[WhiteTeam "Kyiv"]
[BlackTeam "SPB"]
[TimeControl "40/5400+30:1800+30"]

1. d4 d5 2. c4 c6 3. cxd5 cxd5 4. Nc3 Nf6 5. Bf4 Nc6 6. e3 a6 7. Be2 Bf5 8. g4 Bd7 9. g5 Ne4 10. Nxd5 Qa5+ 11. Nc3 Nxc3 12. bxc3 Qxc3+ 13. Kf1 e5 14. dxe5 Rd8 15. Qe1 Qa3 16. Kg2 Bb4 17. Qc1 Qa5 18. Nf3 Bf5 19. Qc4 Be6 20. Qc2 Rc8 21. a3 Bc3 22. Rac1 Ne7 23. Qb1 b5 24. Nd4 Bd5+ 25. Bf3 O-O 26. Bxd5 Nxd5 27. Nf5 Qxa3 28. Nd6 Rc5 29. Rhd1 b4 30. Qe4 Nc7 31. Nxf7 Qa2 32. g6 hxg6 33. Ng5 Ne6 34. Qxg6 Nxg5 35. Qxg5 Rd5 36. Qg4 Rfd8 37. Qe6+ Kh8 38. e4 b3 39. Rxc3 1-0

[Event "24th European Women Club Cup 2019"]
[Site "Ulcinj"]
[Date "2019.11.10"]
[Round "1.6"]
[White "Velikic, Adela"]
[Black "Socko, Monika"]
[Result "0-1"]
[ECO "E20"]
[WhiteElo "2275"]
[BlackElo "2417"]
[Annotator "NA"]
[PlyCount "50"]
[EventDate "2019.11.10"]
[EventType "team-tourn"]
[EventCountry "MNE"]
[SourceTitle "playchess.com"]
[Source "ChessBase"]
[SourceQuality "1"]
[WhiteTeam "Jelica PEP"]
[BlackTeam "Cercle d`Echecs"]
[TimeControl "40/5400+30:1800+30"]

1. d4 Nf6 2. c4 e6 3. Nc3 Bb4 4. g3 O-O 5. Bg2 d6 6. Nf3 Bxc3+ 7. bxc3 Nc6 8. O-O e5 9. Rb1 Qe7 10. Qc2 Re8 11. Re1 e4 12. Ng5 h6 13. Nh3 Na5 14. c5 dxc5 15. e3 b6 16. Nf4 g5 17. Ne2 Ba6 18. Ra1 Bd3 19. Qd1 Rad8 20. Bd2 Qe6 21. Qa4 Nc4 22. Bc1 Nd5 23. Bf1 a5 24. dxc5 bxc5 25. Ba3 Ndb6 0-1

[Event "24th European Women Club Cup 2019"]
[Site "Ulcinj"]
[Date "2019.11.10"]
[Round "1.8"]
[White "Blagojevic, Tijana"]
[Black "Skripchenko, Almira"]
[Result "0-1"]
[ECO "B31"]
[WhiteElo "2169"]
[BlackElo "2403"]
[Annotator "NA RC"]
[PlyCount "86"]
[EventDate "2019.11.10"]
[EventType "team-tourn"]
[EventCountry "MNE"]
[SourceTitle "playchess.com"]
[Source "ChessBase"]
[SourceQuality "1"]
[WhiteTeam "Jelica PEP"]
[BlackTeam "Cercle d`Echecs"]
[TimeControl "40/5400+30:1800+30"]

1. e4 c5 2. Nf3 Nc6 3. Bb5 g6 4. O-O Bg7 5. Re1 e5 6. Bxc6 dxc6 7. d3 Qe7 8. Nbd2 Nh6 9. a3 O-O 10. b4 Be6 11. Bb2 f6 12. Bc3 Rfd8 13. Qb1 Nf7 14. Qb2 cxb4 15. axb4 Nd6 16. d4 exd4 17. Bxd4 Nb5 18. Bc5 Qf7 19. Rad1 b6 20. Bd4 Rd7 21. c3 Rad8 22. h3 h6 23. Re3 Kh7 24. Rde1 Rb7 25. Qa1 a5 26. e5 f5 27. c4 Nxd4 28. Nxd4 axb4 29. N2f3 c5 30. Nxe6 Qxe6 31. Qa6 Rbd7 32. Ra1 Rd1+ 33. Re1 Rxe1+ 34. Rxe1 g5 35. Qb7 Rd7 36. Qb8 b3 37. Qc8 b2 38. Qa6 g4 39. hxg4 fxg4 40. Nh2 Qxe5 41. Rf1 Qe4 42. Qb5 Ra7 43. f3 Qd4+ 0-1

[Event "24th European Women Club Cup 2019"]
[Site "Ulcinj"]
[Date "2019.11.10"]
[Round "1.13"]
[White "Pogonina, Natalija"]
[Black "Salimova, Nurgyul"]
[Result "1-0"]
[ECO "E06"]
[WhiteElo "2479"]
[BlackElo "2370"]
[Annotator "ChessBase"]
[PlyCount "59"]
[EventDate "2019.11.10"]
[EventType "team-tourn"]
[EventCountry "MNE"]
[SourceTitle "playchess.com"]
[Source "ChessBase"]
[SourceQuality "1"]
[WhiteTeam "Ugra"]
[BlackTeam "Asseco SEE"]
[TimeControl "40/5400+30:1800+30"]

1. d4 Nf6 2. Nf3 e6 3. c4 d5 4. g3 Be7 5. Bg2 O-O 6. O-O c6 7. Qc2 b6 8. Nbd2 c5 9. cxd5 exd5 10. e4 Nc6 11. e5 Nd7 12. a3 Bb7 13. Re1 Rc8 14. Qd1 Qc7 15. Nf1 cxd4 16. Bf4 Nc5 17. e6 Bd6 18. exf7+ Rxf7 19. Ng5 Bxf4 20. Nxf7 Qxf7 21. gxf4 Ne4 22. Ng3 Qxf4 23. Nxe4 dxe4 24. Qb3+ Kh8 25. Rxe4 Qf8 26. Qg3 Qg8 27. Rae1 Rd8 28. Qc7 Ba8 29. Re6 Na5 30. Qxd8 1-0

[Event "24th European Women Club Cup 2019"]
[Site "Ulcinj"]
[Date "2019.11.10"]
[Round "1.16"]
[White "Bukhteeva, Viktoria"]
[Black "Kovanova, Baira"]
[Result "1-0"]
[ECO "E32"]
[WhiteElo "2110"]
[BlackElo "2344"]
[Annotator "NA RC"]
[PlyCount "83"]
[EventDate "2019.11.10"]
[EventType "team-tourn"]
[EventCountry "MNE"]
[SourceTitle "playchess.com"]
[Source "ChessBase"]
[SourceQuality "1"]
[WhiteTeam "Asseco SEE"]
[BlackTeam "Ugra"]
[TimeControl "40/5400+30:1800+30"]

1. d4 Nf6 2. c4 e6 3. Nc3 Bb4 4. Qc2 O-O 5. e4 d6 6. e5 dxe5 7. dxe5 Nfd7 8. Nf3 Nc6 9. Bf4 Nc5 10. a3 Bxc3+ 11. Qxc3 a5 12. Be3 b6 13. Be2 f5 14. exf6 Qxf6 15. Qc2 e5 16. Bxc5 bxc5 17. Bd3 g6 18. Be4 Bf5 19. O-O Nd4 20. Nxd4 cxd4 21. c5 Rad8 22. Rad1 Kh8 23. Qe2 a4 24. f3 Rb8 25. Rfe1 Rfe8 26. Rd2 Bd7 27. Qf2 Rb5 28. Rc2 Qe7 29. c6 Bf5 30. Qe2 Rb3 31. Qc4 Qh4 32. Rce2 Rxb2 33. Qf7 Reb8 34. g3 Rxe2 35. gxh4 Rxe1+ 36. Kf2 Rxe4 37. fxe4 Bxe4 38. Qxc7 Rb2+ 39. Kg3 Rb3+ 40. Kg4 Bf3+ 41. Kg5 Rc3 42. Kh6 1-0

[Event "24th European Women Club Cup 2019"]
[Site "Ulcinj"]
[Date "2019.11.10"]
[Round "1.17"]
[White "Rapport, Jovana"]
[Black "Khademalsharieh, Sarasadat"]
[Result "0-1"]
[ECO "D30"]
[WhiteElo "2379"]
[BlackElo "2491"]
[Annotator "ChessBase"]
[PlyCount "66"]
[EventDate "2019.11.10"]
[EventType "team-tourn"]
[EventCountry "MNE"]
[SourceTitle "playchess.com"]
[Source "ChessBase"]
[SourceQuality "1"]
[WhiteTeam "MNE Woman Chess"]
[BlackTeam "Pentole Agnelli"]
[TimeControl "40/5400+30:1800+30"]

1. d4 d5 2. c4 e6 3. Nf3 a6 4. Bg5 Be7 5. Bxe7 Nxe7 6. Nbd2 Nd7 7. g3 dxc4 8. Nxc4 b5 9. Ncd2 Bb7 10. Rc1 Rc8 11. b4 Nc6 12. a3 Nxd4 13. Nxd4 Bxh1 14. f3 c5 15. Ne4 O-O 16. bxc5 Qe7 17. Nb3 Rc6 18. Kf2 f5 19. Nd4 Rc7 20. Nd2 Nxc5 21. Kg1 Rd8 22. e3 e5 23. N4b3 Nxb3 24. Qxb3+ Kh8 25. Rxc7 Qxc7 26. Qb2 Qd6 27. Kxh1 Qxd2 28. Qxe5 Qe1 29. Kg1 Qd2 30. Qf4 Re8 31. a4 b4 32. Qd4 Qxd4 33. exd4 Re1 0-1

[Event "24th European Women Club Cup 2019"]
[Site "Ulcinj"]
[Date "2019.11.10"]
[Round "1.18"]
[White "Zimina, Olga"]
[Black "Milovic, Aleksandra"]
[Result "1-0"]
[ECO "A04"]
[WhiteElo "2406"]
[BlackElo "2183"]
[Annotator "NA RC"]
[PlyCount "89"]
[EventDate "2019.11.10"]
[EventType "team-tourn"]
[EventCountry "MNE"]
[SourceTitle "playchess.com"]
[Source "ChessBase"]
[SourceQuality "1"]
[WhiteTeam "Pentole Agnelli"]
[BlackTeam "MNE Woman Chess"]
[TimeControl "40/5400+30:1800+30"]

1. Nf3 e6 2. g3 c5 3. c4 Nc6 4. Bg2 Nf6 5. O-O Be7 6. Nc3 O-O 7. d4 cxd4 8. Nxd4 a6 9. b3 Qc7 10. Bb2 d6 11. Rc1 Nxd4 12. Qxd4 Rb8 13. Rfd1 Qc5 14. Qxc5 dxc5 15. Na4 Nd7 16. Ba3 f5 17. Rc2 Rf7 18. e4 fxe4 19. Bxe4 b6 20. Bg2 Bf6 21. Rcd2 Bd4 22. Bb2 Bxb2 23. Nxb2 Ne5 24. f4 Ng4 25. Bh3 h5 26. Rd8+ Rf8 27. Bxg4 hxg4 28. Rxf8+ Kxf8 29. Rd8+ Ke7 30. Rg8 Kf7 31. Rh8 Ra8 32. Na4 Rb8 33. Kf2 Ke7 34. Nxb6 Rxb6 35. Rxc8 Kd6 36. Rg8 Rb7 37. Ra8 Rb6 38. Ra7 g6 39. Rg7 a5 40. Rxg6 a4 41. f5 Kd7 42. Rxe6 Rb8 43. Re3 a3 44. Re5 Rh8 45. Kg2 1-0

[Event "24th European Women Club Cup 2019"]
[Site "Ulcinj"]
[Date "2019.11.10"]
[Round "1.24"]
[White "Vardi, Shlomit"]
[Black "Mamedjarova, Zeinab"]
[Result "0-1"]
[ECO "C50"]
[WhiteElo "1935"]
[BlackElo "2280"]
[Annotator "NA"]
[PlyCount "76"]
[EventDate "2019.11.10"]
[EventType "team-tourn"]
[EventCountry "MNE"]
[SourceTitle "playchess.com"]
[Source "ChessBase"]
[SourceQuality "1"]
[WhiteTeam "Rishon Lezion"]
[BlackTeam "Odlar Yurdu"]
[TimeControl "40/5400+30:1800+30"]

1. e4 e5 2. Nf3 Nc6 3. Bc4 Nf6 4. d3 Bc5 5. O-O O-O 6. c3 Bb6 7. Re1 d6 8. h3 Be6 9. Nbd2 a6 10. a4 Qd7 11. Bxe6 fxe6 12. Nc4 Ba7 13. Be3 Kh8 14. Bxa7 Rxa7 15. d4 exd4 16. cxd4 Raa8 17. a5 Rae8 18. Ra3 Qe7 19. Qb3 Rb8 20. d5 Na7 21. Qd3 Nb5 22. Raa1 Nh5 23. dxe6 Nf4 24. Qf1 Nxh3+ 25. Kh2 Rxf3 26. gxf3 Nf4 27. Qh1 Nd4 28. Ne3 Rf8 29. Kg1 Qg5+ 30. Kf1 Qb5+ 31. Kg1 Nde2+ 32. Rxe2 Nxe2+ 33. Kg2 Nf4+ 34. Kg1 Nxe6 35. Nf5 g6 36. Qh6 gxf5 37. Qxe6 fxe4 38. Qxe4 Rg8+ 0-1

[Event "24th European Women Club Cup 2019"]
[Site "Ulcinj"]
[Date "2019.11.10"]
[Round "1.25"]
[White "Len, Irina"]
[Black "Shuvalova, Polina"]
[Result "0-1"]
[ECO "D37"]
[WhiteElo "2036"]
[BlackElo "2434"]
[Annotator "NA RC"]
[PlyCount "90"]
[EventDate "2019.11.10"]
[EventType "team-tourn"]
[EventCountry "MNE"]
[SourceTitle "playchess.com"]
[Source "ChessBase"]
[SourceQuality "1"]
[WhiteTeam "Hertzeliya"]
[BlackTeam "Novy Bor"]
[TimeControl "40/5400+30:1800+30"]

1. d4 Nf6 2. c4 e6 3. Nf3 d5 4. Nc3 a6 5. cxd5 exd5 6. Bg5 Be7 7. Qb3 c6 8. e3 O-O 9. Bd3 Nbd7 10. O-O h6 11. Bh4 Ne4 12. Bxe7 Qxe7 13. Qc2 Re8 14. Rab1 Ndf6 15. Ne5 Bf5 16. Na4 g6 17. b4 Nd6 18. Bxf5 Nxf5 19. Nc5 Nd6 20. Rb3 Kg7 21. a4 h5 22. f3 h4 23. Qf2 Rh8 24. Re1 Qc7 25. a5 Rae8 26. e4 h3 27. g3 Nb5 28. Ned3 dxe4 29. fxe4 Rd8 30. Nf4 Nxd4 31. Rd3 Qe5 32. Nxb7 Ng4 33. Qa2 Rb8 34. Qc4 g5 35. Rxd4 gxf4 36. Rd7 Rhf8 37. Nd6 Qb2 38. Nf5+ Kg8 39. Ne7+ Kh7 40. Qe2 Qxe2 41. Rxe2 Rxb4 42. Rd1 f3 43. Red2 Rxe4 44. Nxc6 Rc8 45. Nd8 Re2 0-1

[Event "24th European Women Club Cup 2019"]
[Site "Ulcinj"]
[Date "2019.11.10"]
[Round "1.26"]
[White "Bulmaga, Irina"]
[Black "Haitovich, Avital"]
[Result "1-0"]
[ECO "B20"]
[WhiteElo "2435"]
[BlackElo "1998"]
[Annotator "NA RC"]
[PlyCount "61"]
[EventDate "2019.11.10"]
[EventType "team-tourn"]
[EventCountry "MNE"]
[SourceTitle "playchess.com"]
[Source "ChessBase"]
[SourceQuality "1"]
[WhiteTeam "Novy Bor"]
[BlackTeam "Hertzeliya"]
[TimeControl "40/5400+30:1800+30"]

1. e4 c5 2. Be2 d6 3. f4 Nc6 4. Nf3 g6 5. O-O Bg7 6. c3 Nf6 7. d3 O-O 8. Kh1 Rb8 9. Be3 c4 10. Nbd2 cxd3 11. Bxd3 b6 12. Qe1 Qc7 13. Qh4 Ng4 14. Bg1 Bf6 15. Qg3 Bg7 16. h3 Nf6 17. Be3 e5 18. f5 Ne7 19. Nh2 d5 20. Ng4 Nxg4 21. hxg4 f6 22. fxg6 hxg6 23. exd5 Qd7 24. Bc4 Nxd5 25. Rad1 Qf7 26. Ne4 Rd8 27. Ng5 Qb7 28. Qf3 fxg5 29. Rxd5 Rf8 30. Qxf8+ Bxf8 31. Rd7+ 1-0

[Event "24th European Women Club Cup 2019"]
[Site "Ulcinj"]
[Date "2019.11.10"]
[Round "1.27"]
[White "Yakovleva, Tatiana"]
[Black "Hoang, Thanh Trang"]
[Result "0-1"]
[ECO "A85"]
[WhiteElo "1942"]
[BlackElo "2414"]
[Annotator "NA RC"]
[PlyCount "100"]
[EventDate "2019.11.10"]
[EventType "team-tourn"]
[EventCountry "MNE"]
[SourceTitle "playchess.com"]
[Source "ChessBase"]
[SourceQuality "1"]
[WhiteTeam "Hertzeliya"]
[BlackTeam "Novy Bor"]
[TimeControl "40/5400+30:1800+30"]

1. d4 f5 2. c4 Nf6 3. Nc3 g6 4. e3 Bg7 5. Nf3 O-O 6. b4 a5 7. b5 d6 8. Bb2 e6 9. Be2 Qe7 10. a4 Nbd7 11. O-O b6 12. Nd2 Bb7 13. Bf3 Bxf3 14. Nxf3 Rad8 15. Qb3 Kh8 16. Rac1 Nh5 17. h4 h6 18. Ne2 e5 19. g3 f4 20. g4 Qe6 21. Nh2 f3 22. Ng3 Nxg3 23. fxg3 e4 24. Qc2 Rde8 25. Qd2 Nf6 26. d5 Qd7 27. Bxf6 Bxf6 28. Kf2 h5 29. Rg1 hxg4 30. Nf1 Kg7 31. Qc2 Rh8 32. Nd2 Qf5 33. Rh1 Rh5 34. Rce1 Qe5 35. Reg1 Kf7 36. Nb3 Reh8 37. Nd2 g5 38. Qxe4 gxh4 39. Qxe5 Bxe5 40. gxh4 Rxh4 41. Rxh4 Rxh4 42. Nf1 Kf6 43. Ke1 Kf5 44. Kd2 Bh2 45. Nxh2 Rxh2+ 46. Kd3 f2 47. Rf1 g3 48. Ke2 Ke4 49. Rd1 f1=Q+ 50. Kxf1 Rh1+ 0-1

[Event "24th European Women Club Cup 2019"]
[Site "Ulcinj"]
[Date "2019.11.10"]
[Round "1.28"]
[White "Rodshtein, Tereza"]
[Black "Lian, Marina"]
[Result "1-0"]
[ECO "C00"]
[WhiteElo "2195"]
[BlackElo "1855"]
[Annotator "NA"]
[PlyCount "67"]
[EventDate "2019.11.10"]
[EventType "team-tourn"]
[EventCountry "MNE"]
[SourceTitle "playchess.com"]
[Source "ChessBase"]
[SourceQuality "1"]
[WhiteTeam "Novy Bor"]
[BlackTeam "Hertzeliya"]
[TimeControl "40/5400+30:1800+30"]

1. e4 e6 2. d3 d5 3. Nd2 c5 4. Ngf3 Nc6 5. g3 g6 6. Bg2 Bg7 7. O-O Nge7 8. Re1 b6 9. c3 h6 10. Qc2 Qc7 11. Nf1 Bb7 12. Rb1 a5 13. Be3 e5 14. Bd2 d4 15. cxd4 exd4 16. a3 a4 17. h4 f6 18. N1h2 Bc8 19. Bf4 Qd8 20. e5 Kf8 21. exf6 Bxf6 22. Ne5 Bb7 23. Nhg4 Nxe5 24. Bxe5 Bxe5 25. Bxb7 Ra7 26. Nxe5 Rxb7 27. Qc4 Rh7 28. Qe6 Rg7 29. Re4 Qd5 30. Rf4+ Ke8 31. Qf6 Qg8 32. Re1 g5 33. Rf3 gxh4 34. Ng6 1-0

[Event "24th European Women Club Cup 2019"]
[Site "Ulcinj"]
[Date "2019.11.11"]
[Round "2.11"]
[White "Batsiashvili, Nino"]
[Black "Mammadova, Gulnar"]
[Result "1-0"]
[ECO "A42"]
[WhiteElo "2422"]
[BlackElo "2369"]
[Annotator "RC"]
[PlyCount "83"]
[EventDate "2019.11.10"]
[EventType "team-tourn"]
[EventCountry "MNE"]
[SourceTitle "playchess.com"]
[Source "ChessBase"]
[SourceQuality "1"]
[WhiteTeam "Nona"]
[BlackTeam "Odlar Yurdu"]
[TimeControl "40/5400+30:1800+30"]

1. c4 g6 2. Nc3 Bg7 3. d4 d6 4. e4 e5 5. Be3 exd4 6. Bxd4 Nf6 7. Nf3 Nc6 8. Be3 O-O 9. h3 Re8 10. Bd3 Nb4 11. Bb1 b6 12. O-O Bb7 13. Nd2 a5 14. Re1 Na6 15. Bg5 Qd7 16. Bc2 Nc5 17. Qf3 Re6 18. Nd5 Nxd5 19. cxd5 Ree8 20. Bf6 Bxf6 21. Qxf6 Qe7 22. Qd4 Qe5 23. Nf3 Qxd4 24. Nxd4 Re7 25. f3 Rae8 26. Kf2 h5 27. h4 Kg7 28. Red1 Ra8 29. b3 Bc8 30. a3 Bd7 31. b4 Nb7 32. Rdc1 Nd8 33. Bd3 Be8 34. Bb5 Bxb5 35. Nxb5 axb4 36. axb4 Rxa1 37. Rxa1 c6 38. Nxd6 cxd5 39. Ra8 Rd7 40. Ne8+ Kh6 41. Nf6 Rd6 42. e5 1-0

[Event "24th European Women Club Cup 2019"]
[Site "Ulcinj"]
[Date "2019.11.11"]
[Round "2.24"]
[White "Vardi, Shlomit"]
[Black "Blagojevic, Tijana"]
[Result "0-1"]
[ECO "B23"]
[WhiteElo "1935"]
[BlackElo "2169"]
[Annotator "NA"]
[PlyCount "86"]
[EventDate "2019.11.10"]
[EventType "team-tourn"]
[EventCountry "MNE"]
[SourceTitle "playchess.com"]
[Source "ChessBase"]
[SourceQuality "1"]
[WhiteTeam "Rishon Lezion"]
[BlackTeam "Jelica PEP"]
[TimeControl "40/5400+30:1800+30"]

1. e4 c5 2. Nc3 d6 3. d4 cxd4 4. Qxd4 Nc6 5. Bb5 Bd7 6. Bxc6 Bxc6 7. Nf3 h6 8. Be3 e5 9. Qd3 Nf6 10. O-O Be7 11. Rad1 a6 12. a4 O-O 13. b4 Rc8 14. b5 Bd7 15. Nd5 Nxd5 16. Qxd5 Qc7 17. Rc1 Be6 18. Qd2 Qc4 19. bxa6 bxa6 20. Rfe1 Kh7 21. a5 f5 22. exf5 Bxf5 23. Re2 Bg4 24. Ree1 Qc6 25. Bb6 Bxf3 26. gxf3 Rxf3 27. c4 Rf4 28. Qd5 Rg4+ 29. Kf1 Rxc4 30. Rcd1 Qe8 31. Re3 Qh5 32. Qd3+ Kh8 33. h3 Bg5 34. Rg3 Bf4 35. Rg4 Rc3 36. Qg6 Qxh3+ 37. Rg2 Bg5 38. Qxd6 Rc1 39. Rxc1 Rxc1+ 40. Ke2 Rc2+ 41. Kd1 Rd2+ 42. Qxd2 Bxd2 43. Rg3 Qd7 0-1

[Event "24th European Women Club Cup 2019"]
[Site "Ulcinj"]
[Date "2019.11.12"]
[Round "3.2"]
[White "Muzychuk, Anna"]
[Black "Cramling, Pia"]
[Result "1/2-1/2"]
[ECO "B52"]
[WhiteElo "2543"]
[BlackElo "2443"]
[Annotator "ChessBase"]
[PlyCount "81"]
[EventDate "2019.11.10"]
[EventType "team-tourn"]
[EventCountry "MNE"]
[SourceTitle "playchess.com"]
[Source "ChessBase"]
[SourceQuality "1"]
[WhiteTeam "Kyiv"]
[BlackTeam "Cercle d`Echecs"]
[TimeControl "40/5400+30:1800+30"]

1. e4 c5 2. Nf3 d6 3. Bb5+ Bd7 4. Bxd7+ Nxd7 5. O-O Ngf6 6. Qe2 Rc8 7. b3 g6 8. Bb2 Bg7 9. d4 cxd4 10. Nxd4 Nc5 11. f3 Qb6 12. Qb5+ Qxb5 13. Nxb5 a6 14. N5a3 b5 15. Nd2 O-O 16. Rad1 Rb8 17. Ba1 Rfc8 18. c4 Nfd7 19. Bxg7 Kxg7 20. Nc2 Ne5 21. Ne3 Kf8 22. Rb1 Ne6 23. Rfc1 Nd4 24. Kf1 b4 25. Nc2 Ne6 26. g3 Nd3 27. Rd1 Ndc5 28. Ke2 a5 29. Nf1 Nd7 30. Nfe3 Rb7 31. Nd5 Ndc5 32. Rb2 Ra8 33. Ra1 Nd8 34. Nd4 e6 35. Nf6 h5 36. Nb5 Rb6 37. a3 bxa3 38. Rxa3 Ke7 39. Ng8+ Kf8 40. Nf6 Ke7 41. Ng8+ 1/2-1/2

[Event "24th European Women Club Cup 2019"]
[Site "Ulcinj"]
[Date "2019.11.12"]
[Round "3.3"]
[White "Socko, Monika"]
[Black "Abdumalik, Zhansaya"]
[Result "1/2-1/2"]
[ECO "D70"]
[WhiteElo "2417"]
[BlackElo "2472"]
[Annotator "ChessBase"]
[PlyCount "151"]
[EventDate "2019.11.10"]
[EventType "team-tourn"]
[EventCountry "MNE"]
[SourceTitle "playchess.com"]
[Source "ChessBase"]
[SourceQuality "1"]
[WhiteTeam "Cercle d`Echecs"]
[BlackTeam "Kyiv"]
[TimeControl "40/5400+30:1800+30"]

1. d4 Nf6 2. c4 g6 3. Nf3 Bg7 4. g3 O-O 5. Bg2 c5 6. d5 e6 7. dxe6 dxe6 8. Qxd8 Rxd8 9. Nc3 Nc6 10. O-O Na5 11. Ne5 Ne8 12. Bf4 Bd7 13. Nxd7 Rxd7 14. Na4 Rc8 15. Rad1 Rd4 16. Nxc5 Nxc4 17. b4 b6 18. Nb3 Rxd1 19. Rxd1 Bf6 20. Bb7 Rd8 21. Rxd8 Bxd8 22. a4 a5 23. bxa5 bxa5 24. Bc6 Ned6 25. Nd2 g5 26. Nxc4 Nxc4 27. Bc1 f6 28. Kg2 Kf7 29. Bb5 Nd6 30. Bd3 h6 31. f4 f5 32. h3 Nb7 33. Kf3 Nc5 34. Bc2 Kf6 35. Be3 Bb6 36. g4 Kg6 37. Bd2 Bc7 38. e3 Nd7 39. Be1 h5 40. Bd2 hxg4+ 41. hxg4 Nf6 42. gxf5+ exf5 43. fxg5 Kxg5 44. e4+ f4 45. e5 Bxe5 46. Bxa5 Nd7 47. Bd2 Bc7 48. Ke4 Nc5+ 49. Kd5 Nxa4 50. Bxa4 Bb8 51. Bd7 Bc7 52. Ke4 Kf6 53. Bc3+ Kg5 54. Bc8 Kg6 55. Bb4 Kf6 56. Be1 Kg5 57. Bf2 Bb8 58. Bb6 Bd6 59. Bd8+ Kg6 60. Bg4 Bb8 61. Kd5 f3 62. Bxf3 Kf5 63. Be4+ Kf4 64. Bb6 Kg3 65. Bg6 Bf4 66. Ke4 Bb8 67. Ba5 Bd6 68. Be1+ Kg2 69. Bh5 Bc7 70. Ke3 Bd6 71. Bf3+ Kh2 72. Ke2 Bc7 73. Bf2 Bd6 74. Bg4 Bc7 75. Kf3 Bd6 76. Ke4 1/2-1/2

[Event "24th European Women Club Cup 2019"]
[Site "Ulcinj"]
[Date "2019.11.12"]
[Round "3.4"]
[White "Osmak, Iulija"]
[Black "Daulyte-Cornette, Deimante"]
[Result "1/2-1/2"]
[ECO "E73"]
[WhiteElo "2401"]
[BlackElo "2405"]
[Annotator "NA"]
[PlyCount "154"]
[EventDate "2019.11.10"]
[EventType "team-tourn"]
[EventCountry "MNE"]
[SourceTitle "playchess.com"]
[Source "ChessBase"]
[SourceQuality "1"]
[WhiteTeam "Kyiv"]
[BlackTeam "Cercle d`Echecs"]
[TimeControl "40/5400+30:1800+30"]

1. d4 Nf6 2. c4 g6 3. Nc3 Bg7 4. e4 d6 5. Be2 O-O 6. Be3 e5 7. d5 a5 8. g4 Ne8 9. g5 f5 10. gxf6 Nxf6 11. h4 Qe8 12. h5 Nxh5 13. Bxh5 gxh5 14. Rxh5 Nd7 15. Qe2 Nf6 16. Rg5 Kh8 17. O-O-O Qf7 18. Rg2 Bd7 19. Kb1 Nh5 20. Rh2 Nf4 21. Qc2 Bg4 22. Nge2 Bf3 23. Rg1 Bh5 24. Ng3 Bg6 25. Qb3 c6 26. Ka1 b5 27. cxb5 cxd5 28. Nxd5 a4 29. Qa3 Nxd5 30. exd5 Qxd5 31. Nh5 Rf3 32. Nxg7 Kxg7 33. Rhh1 Rf6 34. Rd1 Qxb5 35. Rxd6 Rf7 36. Bh6+ Kg8 37. Qg3 Qb7 38. Rg1 Qe4 39. Rgd1 Re8 40. Re6 Rc8 41. Rxe5 Qc2 42. Red5 Re8 43. R5d2 Qc5 44. Rd6 Qh5 45. Qe3 Rfe7 46. Qc1 a3 47. Qc4+ Rf7 48. Bc1 Qf5 49. R6d3 Qxf2 50. Rxa3 Qf5 51. Rad3 Qf2 52. Rd7 Qf5 53. Bh6 Qf3 54. a3 Qh5 55. Rg1 Qf5 56. Rc7 Kh8 57. Bd2 Rxc7 58. Bc3+ Rg7 59. Qc7 Qf8 60. Qc6 Kg8 61. Qd5+ Qf7 62. Qd4 Rc8 63. a4 Rxc3 64. Qxc3 Qc7 65. Qxc7 Rxc7 66. Ka2 Kf7 67. b4 Bc2 68. Ka3 Ra7 69. a5 Ke6 70. Rc1 Bd3 71. Ka4 Rb7 72. Rc5 Kd6 73. Rh5 Bg6 74. Rg5 Be8+ 75. Kb3 Bb5 76. Rh5 Ke6 77. a6 Bxa6 1/2-1/2

[Event "24th European Women Club Cup 2019"]
[Site "Ulcinj"]
[Date "2019.11.12"]
[Round "3.5"]
[White "Mammadzada, Gunay"]
[Black "Shuvalova, Polina"]
[Result "1-0"]
[ECO "E01"]
[WhiteElo "2427"]
[BlackElo "2434"]
[Annotator "NA"]
[PlyCount "123"]
[EventDate "2019.11.10"]
[EventType "team-tourn"]
[EventCountry "MNE"]
[SourceTitle "playchess.com"]
[Source "ChessBase"]
[SourceQuality "1"]
[WhiteTeam "Odlar Yurdu"]
[BlackTeam "Novy Bor"]
[TimeControl "40/5400+30:1800+30"]

1. d4 Nf6 2. c4 e6 3. g3 d5 4. Bg2 Bb4+ 5. Bd2 Be7 6. Nf3 c6 7. Bc3 Nbd7 8. Nbd2 b6 9. Qc2 Bb7 10. O-O O-O 11. e4 dxc4 12. Nxc4 c5 13. Rfe1 cxd4 14. Nxd4 Rc8 15. b3 a6 16. Qe2 b5 17. Ba5 Qe8 18. e5 Bxg2 19. exf6 Nxf6 20. Nb6 Bb7 21. Nxc8 Qxc8 22. Rac1 Qd7 23. Red1 Nd5 24. Nf5 Bd8 25. Bxd8 Qxd8 26. Ne3 Qg5 27. Nxd5 Bxd5 28. Rc3 h6 29. f4 Qd8 30. Qe5 Qa5 31. Rc2 Qb4 32. Rd4 Qa5 33. Kf2 Qb6 34. Ke3 Qa5 35. Kf2 Qb6 36. Qe3 Qd8 37. Rdd2 Qf6 38. Qe5 Qg6 39. Rc7 Qg4 40. Qe3 Qh3 41. Ke1 Qf5 42. Kd1 a5 43. Kc1 a4 44. Kb2 axb3 45. axb3 Ra8 46. Rc5 b4 47. Rb5 Qh3 48. Qe2 h5 49. Rxb4 g6 50. Qe5 h4 51. Rb8+ Rxb8 52. Qxb8+ Kh7 53. Qc7 Kg7 54. Qe5+ Kh7 55. Rc2 Qf1 56. Qf6 Qb5 57. Qxf7+ Kh6 58. Qf8+ Kh5 59. Qh8+ Kg4 60. Qxh4+ Kf3 61. Rc3+ Kg2 62. g4 1-0

[Event "24th European Women Club Cup 2019"]
[Site "Ulcinj"]
[Date "2019.11.12"]
[Round "3.6"]
[White "Bulmaga, Irina"]
[Black "Fataliyeva, Ulviyya"]
[Result "1-0"]
[ECO "B12"]
[WhiteElo "2435"]
[BlackElo "2368"]
[Annotator "NA"]
[PlyCount "91"]
[EventDate "2019.11.10"]
[EventType "team-tourn"]
[EventCountry "MNE"]
[SourceTitle "playchess.com"]
[Source "ChessBase"]
[SourceQuality "1"]
[WhiteTeam "Novy Bor"]
[BlackTeam "Odlar Yurdu"]
[TimeControl "40/5400+30:1800+30"]

1. e4 c6 2. d4 d5 3. e5 c5 4. dxc5 e6 5. Nf3 Bxc5 6. a3 Ne7 7. b4 Bb6 8. Bd3 a5 9. b5 Nd7 10. O-O Ng6 11. Re1 Ndxe5 12. Nxe5 Nxe5 13. Rxe5 Bd4 14. Rg5 Bxa1 15. c3 Qf6 16. Qe2 d4 17. c4 h6 18. Re5 Bd7 19. Qe4 Rc8 20. a4 b6 21. Ba3 g5 22. Rd5 Bc3 23. Rd6 Bb4 24. Bxb4 axb4 25. Rxb6 Qf4 26. Qe1 b3 27. a5 b2 28. Nd2 O-O 29. a6 Rc5 30. g3 Qc7 31. Rb7 Qc8 32. Ne4 Rxc4 33. Nf6+ Kh8 34. Qe4 Rc1+ 35. Kg2 Bc6 36. bxc6 Qxc6 37. Qxc6 Rxc6 38. a7 b1=Q 39. Rxb1 Ra8 40. Rb8+ Rc8 41. Rxc8+ Rxc8 42. Be4 d3 43. a8=Q Rxa8 44. Bxa8 d2 45. Bf3 Kg7 46. Ne4 1-0